 Dungeon Crawl Stone Soup version 0.30-a0-341-g682706514a (webtiles) character file.

Game seed: 16094163005078745631

6157 ytrimaz the Warrior (level 10, -4/124 HPs)
             Began as an Ogre Berserker on Nov 4, 2022.
             Was a Priest of Trog.
             Splashed by a brown ugly thing's acid (11 damage)
             ... on level 8 of the Dungeon.
             The game lasted 00:10:16 (8814 turns).

ytrimaz the Warrior (Ogre Berserker)                Turns: 8814, Time: 00:10:17

Health: -4/124     AC:  3    Str: 27    XL:     10   Next: 90%
Magic:  19/19      EV: 14    Int:  8    God:    Trog [***...]
Gold:   534        SH:  0    Dex:  8    Spells: 9/9 levels left

rFire   . . .      SeeInvis .    r - +0 giant club
rCold   . . .      Faith    .    (shield currently unavailable)
rNeg    . . .      Spirit   .    p - +0 steam dragon scales
rPois   .          Reflect  .    (helmet restricted)
rElec   .          Harm     .    l - +0 cloak
rCorr   .          Rampage  .    (gloves unavailable)
Will    +++..                    (boots unavailable)
Stlth   +.........               (no amulet)
HPRegen 1.40/turn                m - +4 ring of evasion
MPRegen 0.16/turn                t - ring of magical power

@: strong-willed (expiring), corroded, on berserk cooldown, regenerating
(expiring), slowed, very slow
A: large, unfitting armour, tough skin 1
a: Renounce Religion, Berserk, Trog's Hand


You were on level 8 of the Dungeon.
You worshipped Trog.
Trog was most pleased with you.
You visited 2 branches of the dungeon, and saw 9 of its levels.

You collected 534 gold pieces.


Innate Abilities, Weirdness & Mutations

You are too large for most types of armour.
You have tough skin. (AC +1)


   Skills:
 + Level 15.0 Fighting
 + Level 10.8 Maces & Flails
 - Level 2.6 Dodging


You had 9 spell levels left.
You didn't know any spells.
Your spell library was empty.

Inventory:

Hand Weapons
 r - a +0 giant club (weapon)
   (You took it off an ogre on level 5 of the Dungeon)
Missiles
 h - 23 poisoned darts (quivered)
Armour
 l - a +0 cloak (worn)
   (You found it on level 3 of the Dungeon)
 p - +0 steam dragon scales (worn)
   (You found it on level 6 of the Dungeon)
Jewellery
 m - a +4 ring of evasion (left hand)
   (You found it on level 3 of the Dungeon)
 t - a ring of magical power (right hand)
   (You found it on level 5 of the Dungeon)
Wands
 q - a wand of charming (9)
   (You found it on level 5 of the Dungeon)
 s - a wand of flame (25)
   (You found it on level 5 of the Dungeon)
 v - a wand of mindburst (19)
   (You found it on level 7 of the Dungeon)
 w - a wand of digging (7)
   (You found it on level 7 of the Dungeon)
Scrolls
 a - a scroll of blinking
 c - a scroll of vulnerability {unknown}
 d - a scroll of enchant weapon
 n - a scroll of amnesia {unknown}
 x - a scroll of fear {unknown}
Potions
 b - a potion of attraction {unknown}
 e - a potion of lignification {unknown}
 f - 2 potions of magic {unknown}
 g - 2 potions of mutation
 i - 2 potions of flight
 k - 2 potions of cancellation {unknown}
 o - a potion of ambrosia
 u - a potion of invisibility {unknown}

Dungeon Overview and Level Annotations

Branches:
Dungeon (8/15) Zot: 25761  Temple (1/1) D:6 Zot: 5959
   Lair: D:8-11

Altars:
Ashenzari
Cheibriados
Dithmenos
Elyvilon
Fedhas
Gozag
Hepliaklqana
Kikubaaqudgha
Makhleb
Okawaru
Qazlal
Ru
Sif Muna
Trog
Uskayaw
Vehumet
Wu Jian
Xom
Yredelemnul
Zin
The Shining One

Shops:
D:5

: #.# #.# #.# #.#
#.# ###.# #####
#...# .)..#°
######...#
#####.(####.NCSu@..#
#...#.#####.##
#.....# #.# #...###
#.# #..### #.#
#####. #.# #...###
#.# #.###.###### #.#
#.# #.....:# #[#


You could see a brown ugly thing, a salamander, a cyclops and a guardian
serpent.


Message History

😨 HP[-23]
You take 23 damage, and now have 54/183 hp.
You hit the meliai.
You kill the meliai!
Trog accepts your kill.
You feel extremely sick. 😨 HP[-6]
You now have 184 max hp (+1).
You take 6 damage, and now have 48/184 hp.
Unknown command.
A salamander comes into view.
You feel very sick. The boulder beetle bites you!
* * * LOW HITPOINT WARNING * * *
Things that are here:
a +0 hand axe; a +0 leather armour; 😱 HP[-16]
You take 16 damage, and now have 32/184 hp.
Unknown command.
You sock the boulder beetle!
You feel very sick. The boulder beetle barely misses you.
The boulder beetle closely misses you. 😱 HP[-5]
You take 5 damage, and now have 27/184 hp.
Unknown command.
You beat the boulder beetle like a drum!!!
You feel very sick.
A guardian serpent comes into view. 😱 HP[-2]
You take 2 damage, and now have 25/184 hp.
You hit the boulder beetle but do no damage.
You feel very sick. The boulder beetle bites you.
* * * LOW HITPOINT WARNING * * *
The boulder beetle barely misses you. 😱 HP[-6]
You take 6 damage, and now have 19/184 hp.
Unknown command.
Unknown command.
You hit the boulder beetle but do no damage.
You feel very sick. The boulder beetle closely misses you.
The boulder beetle barely misses you. 😱 HP[-2]
You take 2 damage, and now have 17/184 hp.
Unknown command.
You bludgeon the boulder beetle!!
You kill the boulder beetle!
Trog accepts your kill.
You feel very sick. 😱 HP[-2]
You take 2 damage, and now have 15/184 hp.
Unknown command.
Unknown command.
Unknown command.
You feel sick. 😱 HP[-1]
You take 1 damage, and now have 14/184 hp.
Unknown command.
You feel a strong urge to attack something.
You feel sick.
Unknown command.
You crush the boulder beetle like a grape!!!
You feel sick. 😱 HP[-1]
You take 1 damage, and now have 13/184 hp.
Unknown command.
You sock the boulder beetle!
You feel sick.
The boulder beetle bites you but does no damage.
Unknown command.
You bludgeon the boulder beetle!!
You kill the boulder beetle!
Trog accepts your kill.
You feel sick.
Your Fighting skill increases to level 15!
You now have 186 max hp (+2).
Unknown command.
You bludgeon the brown ugly thing!!
You feel sick.
Unknown command.
You closely miss the brown ugly thing. The brown ugly thing claws you.
* * * LOW HITPOINT WARNING * * *
You are splashed with acid!
* * * LOW HITPOINT WARNING * * *
😱 HP[-11]
You take 11 damage, and now have 2/186 hp.
Unknown command.
Unknown command.
Unknown command.
You are no longer berserk.
You are exhausted.
You feel yourself slow down.
* * * LOW HITPOINT WARNING * * *
You feel sick. 😱 HP[-1]
You now have 124 max hp (-62).
Unknown command.
You feel better.
You feel the effects of Trog's Hand fading.
The brown ugly thing claws you.
* * * LOW HITPOINT WARNING * * *
The acid corrodes you!
You are splashed with acid!
You die...

Skill      XL: |  1  2  3  4  5  6  7  8  9 10 |
---------------+-------------------------------+-----
Maces & Flails | 3 4 5 6 7 9 10 | 10.8
Fighting       | 5 6 7 9 11 13 15 | 15.0
Dodging        | |  2.6

Action                   |  1- 3 |  4- 6 |  7- 9 | 10-12 || total
-------------------------+-------+-------+-------+-------++-------
Melee: Mace              |   127 |   144 |    65 |       ||   336
       Punch             |       |     3 |       |       ||     3
       Giant club        |       |       |   172 |    64 ||   236
Invok: Berserk           |       |     5 |     6 |     4 ||    15
       Trog's Hand       |       |     1 |       |     2 ||     3
  Use: Scroll            |     4 |     1 |     2 |     7 ||    14
       Potion            |       |       |     2 |     3 ||     5
Armor: Animal skin       |    42 |    40 |    29 |       ||   111
       Steam dragon scal |       |       |    33 |    20 ||    53
Dodge: Dodged            |    68 |    78 |   212 |    69 ||   427

Levels and vault maps discovered:
D:1:      saegor_arrival_simple_a, layout_loops_corners,
          ebering_ecumenical_altar_mist, minmay_cut_off
D:2:      layout_basic, uniq_terence
D:3:      layout_loops_cross, mainiacjoe_overflow_alcove_4, lemuel_tele_altar,
          gammafunk_temple_overflow_claw
D:4:      layout_basic, fedhas_ov_isle_minmay,
          mainiacjoe_overflow_catch_the_wave, uniq_sigmund, uniq_blork_the_orc
D:5:      layout_basic, serial_shops, shop, minmay_lizard_king
D:6:      layout_loops_ring, minmay_temple_entry_proselytizer,
          chequers_serial_rivers_room_b, nicolae_titane, uniq_pikel
D:7:      layout_loops_ring, glass_columns_c, sigmund_army, uniq_joseph,
          uniq_menkaure
D:8:      minmay_blocky_corners, layout_loops_ring,
          mainiacjoe_overflow_alcove_1, kennysheep_mini
Temple:   hellmonk_temple_of_storms

Notes
Turn   | Place    | Note
-------+----------+-------------------------------------------
     0 | D:1      | ytrimaz the Ogre Berserker began the quest for the Orb.
     0 | D:1      | Reached XP level 1. HP: 24/24 MP: 1/1
     0 | D:1      | magus.rc [v1.9.6]
    56 | D:1      | Found a faded altar of an unknown god.
    98 | D:1      | Reached XP level 2. HP: 24/33 MP: 2/2
   197 | D:1      | Reached skill level 3 in Maces & Flails
   709 | D:1      | Reached ** piety under Trog
   710 | D:1      | Reached XP level 3. HP: 41/41 MP: 3/3
  1061 | D:2      | Reached skill level 5 in Fighting
  1589 | D:2      | Reached XP level 4. HP: 21/50 MP: 4/4
  2165 | D:2      | Noticed Terence
  2181 | D:2      | Killed Terence
  2322 | D:3      | Found a radiant altar of Vehumet.
  2372 | D:3      | Reached skill level 4 in Maces & Flails
  2372 | D:3      | Reached XP level 5. HP: 31/59 MP: 5/5
  2565 | D:3      | Found a bloodstained altar of Trog.
  2565 | D:3      | Found an ancient bone altar of Kikubaaqudgha.
  2566 | D:3      | Found a white marble altar of Elyvilon.
  2599 | D:3      | Identified the +5 leather armour "Gabich Genk" {rElec Str-3
                  | Dex+3 SInv}
  2633 | D:3      | Found an iron altar of Okawaru.
  2769 | D:3      | Reached skill level 6 in Fighting
  3195 | D:4      | Reached *** piety under Trog
  3383 | D:4      | Noticed Blork the orc
  3399 | D:4      | Killed Blork the orc
  3400 | D:4      | Reached XP level 6. HP: 66/68 MP: 6/6
  3525 | D:4      | Reached skill level 7 in Fighting
  3571 | D:4      | Found a blossoming altar of Fedhas.
  3787 | D:4      | Noticed Sigmund
  3795 | D:4      | Killed Sigmund
  3796 | D:4      | Reached skill level 5 in Maces & Flails
  3796 | D:4      | Reached XP level 7. HP: 79/79 MP: 7/7
  3812 | D:4      | Found a hide-covered altar of Uskayaw.
  3866 | D:4      | Found a shimmering altar of Xom.
  4125 | D:5      | Entered Level 5 of the Dungeon
  4202 | D:5      | Reached skill level 8 in Fighting
  4669 | D:5      | Reached skill level 6 in Maces & Flails
  4715 | D:5      | Reached skill level 9 in Fighting
  4715 | D:5      | Reached XP level 8. HP: 92/92 MP: 8/8
  4813 | D:5      | Found Oscheleg's Book Shoppe.
  5387 | D:6      | Reached skill level 10 in Fighting
  5417 | D:6      | Reached skill level 7 in Maces & Flails
  5564 | D:6      | Noticed Pikel
  5572 | D:6      | Killed Pikel
  5573 | D:6      | Reached skill level 11 in Fighting
  5573 | D:6      | Reached XP level 9. HP: 105/105 MP: 9/9
  5786 | D:6      | Reached skill level 8 in Maces & Flails
  5986 | D:6      | Found a staircase to the Ecumenical Temple.
  6266 | Temple   | Entered the Ecumenical Temple
  6387 | D:7      | Noticed a boulder beetle
  6394 | D:7      | Killed a boulder beetle
  6395 | D:7      | Reached skill level 12 in Fighting
  6582 | D:7      | Reached skill level 9 in Maces & Flails
  6603 | D:7      | HP: 22/109 [hobgoblin/+0 scythe (10)]
  6610 | D:7      | Reached **** piety under Trog
  7004 | D:7      | Noticed Joseph
  7014 | D:7      | Killed Joseph
  7015 | D:7      | Reached skill level 13 in Fighting
  7015 | D:7      | Reached XP level 10. HP: 47/119 MP: 10/10
  7253 | D:7      | Noticed Menkaure
  7260 | D:7      | Killed Menkaure
  7635 | D:8      | Identified the +1 leather armour "Baosh" {rC- Dex+4 Slay+2}
  7744 | D:8      | Noticed a two-headed ogre
  7749 | D:8      | Killed a two-headed ogre
  7750 | D:8      | Reached skill level 10 in Maces & Flails
  7761 | D:8      | Paralysed by a hornet for 3 turns
  7763 | D:8      | HP: 28/120 [hornet (12)]
  7768 | D:8      | HP: 21/120 [poisoned by a hornet]
  8150 | D:8      | Reached skill level 14 in Fighting
  8453 | D:8      | Found a sacrificial altar of Ru.
  8647 | D:8      | Found a broken altar of Ashenzari.
  8786 | D:8      | Noticed a brown ugly thing
  8786 | D:8      | Noticed a cyclops
  8788 | D:8      | Noticed a boulder beetle
  8789 | D:8      | Noticed a boulder beetle
  8800 | D:8      | Noticed a salamander
  8800 | D:8      | HP: 45/184 [poisoned by a meliai]
  8802 | D:8      | Noticed a guardian serpent
  8803 | D:8      | HP: 19/184 [boulder beetle (4)]
  8805 | D:8      | Killed a boulder beetle
  8808 | D:8      | HP: 13/184 [poisoned by a meliai]
  8810 | D:8      | Killed a boulder beetle
  8811 | D:8      | Reached skill level 15 in Fighting
  8812 | D:8      | HP: 2/186 [acid (9)]
  8814 | D:8      | Splashed by a brown ugly thing's acid

Vanquished Creatures
  A two-headed ogre (D:8)
  3 boulder beetles
  Pikel (D:6)
  Joseph (D:7)
  A meliai (D:8)
  A hornet (D:8)
  Sigmund (D:4)
  2 steam dragons
  Menkaure (D:7)
  A water moccasin (D:7)
  2 black bears
  An ice beast (D:5)
  A sky beast (D:7)
  2 ogres
  3 centaurs
  A kobold brigand (D:5)
  A lemure (D:6)
  Blork the orc (D:4)
  3 bullfrogs
  2 necrophages
  2 scorpions
  4 howler monkeys
  A gnoll bouda (D:7)
  4 orc priests (D:6)
  Terence (D:2)
  4 iguanas
  2 orc wizards
  3 gnolls (D:7)
  8 adders
  A white imp (D:7)
  A worm (D:2)
  4 dart slugs
  18 orcs
  4 bats
  5 endoplasms
  7 giant cockroaches
  9 goblins
  12 hobgoblins
  9 jackals
  13 kobolds
  3 quokkas
  6 ball pythons
  6 frilled lizards
  4 rats
161 creatures vanquished.

Vanquished Creatures (others)
  6 plants (D:5)
6 creatures vanquished.

Grand Total: 167 creatures vanquished

Table legend:
 A = Non-vault XP
 B = Vault XP
 C = Vault XP percentage of total XP
 D = Non-vault monster count
 E = Vault monster count
 F = Vault count percentage of total count
                 A         B        C        D         E       F
            +---------+---------+-------+---------+---------+-------
      Total |    5149 |    3647 |  41.5 |     134 |      26 |  16.2
            +---------+---------+-------+---------+---------+-------
        D:1 |      45 |       3 |   6.2 |      24 |       2 |   7.7
        D:2 |      51 |      36 |  41.4 |      19 |       1 |   5.0
        D:3 |     150 |       0 |   0.0 |      19 |       0 |   0.0
        D:4 |     100 |     327 |  76.6 |      13 |       2 |  13.3
        D:5 |     808 |      41 |   4.8 |      22 |       6 |  21.4
        D:6 |     795 |     658 |  45.3 |      19 |       2 |   9.5
        D:7 |    1650 |     634 |  27.8 |      12 |      10 |  45.5
        D:8 |    1550 |    1948 |  55.7 |       6 |       3 |  33.3
            +---------+---------+-------+---------+---------+-------

Illustrated notes

Table legend:
 A = Kills in this place as a percentage of kills in entire the game.
 B = Kills by you in this place as a percentage of kills by you in the entire game.
 C = Kills by friends in this place as a percentage of kills by friends in the entire game.
 D = Other kills in this place as a percentage of other kills in the entire game.
 E = Experience gained in this place as a percentage of experience gained in the entire game.
 F = Experience gained in this place divided by the number of levels of this place that you have seen.
                   A       B       C       D       E      F
               +-------+-------+-------+-------+-------+----------------------
         Total | 100.0 | 100.0 |   N/A |   N/A | 100.0 | 977.3
       Dungeon | 100.0 | 100.0 |   N/A |   N/A | 100.0 | 1099.5
               +-------+-------+-------+-------+-------+----------------------

Table legend: (Time is in decaauts)
 A = Elapsed time spent in this place.
 B = Non-inter-level travel time spent in this place.
 C = Inter-level travel time spent in this place.
 D = Time resting spent in this place.
 E = Time spent auto-exploring this place.
 F = Levels seen in this place.
 G = Mean time per level.
                   A        B        C        D        E       F      G
               +--------+--------+--------+--------+--------+-----+--------+
         Total |   9063 |   8765 |    298 |    332 |   7040 |   9 | 1007.0 |
       Dungeon |   9022 |   8730 |    292 |    332 |   7016 |   8 | 1127.8 |
        Temple |     40 |     34 |      6 |      0 |     24 |   1 |   40.0 |
               +--------+--------+--------+--------+--------+-----+--------+

Top non-repeatable levels by time:
     D:7: 1623 daAuts
     D:2: 1284 daAuts
     D:5: 1185 daAuts
     D:1: 1066 daAuts
     D:6: 1049 daAuts
     D:4: 1003 daAuts
     D:8: 938 daAuts
     D:3: 869 daAuts
  Temple: 40 daAuts
